 Dungeon Crawl Stone Soup version 0.23.1 (webtiles) character file.

Game seed: 0

482850 Andrea the Tortoise (level 24, -11/171 HPs)
             Began as a Gnoll Wizard on Mar 13, 2019.
             Was an Elder of Cheibriados.
             Mangled by an acid blob (15 damage)
             ... created by the Royal Jelly
             ... on level 5 of the Pits of Slime on Mar 14, 2019.
             The game lasted 06:33:14 (77388 turns).

Andrea the Tortoise (Gnoll Wizard)                 Turns: 77388, Time: 06:33:16

Health: -11/171    AC: 19    Str: 25    XL:     24   Next: 89%
Magic:  26/52      EV: 24    Int: 29    God:    Cheibriados [****..]
Gold:   4605       SH: 10    Dex: 23    Spells: 11/56 levels left

rFire    + + +     SeeInvis .   a - +12 long sword of the Living Dead {holy, rPois}
rCold    + . .     Gourm    .   T - +1 buckler {reflect}
rNeg     + + +     Faith    .   R - +6 fire dragon scales
rPois    +         Spirit   .   P - -2 hat of the Alchemist {rElec rPois rF+ rC+ rN+ MR+ rMut rCorr}
rElec    +         Reflect  +   X - scarf {cloud immunity}
rCorr    +         Harm     .   t - +0 pair of gloves of Activism {rN+}
rMut     +                      K - +5 pair of boots of the Untouchables {rF+ MP+9 Stlth+}
MR       ++...                  B - amulet of regeneration
Stlth    ++++++....             C - ring of positive energy
HPRegen  0.78/turn              w - ring of protection from cold
MPRegen  0.33/turn

@: corroded, studying Armour, very slow
A: distributed training, fangs 1, clumsy 1, dopey 2, frail 1, strong nose
}: 2/15 runes: barnacled, gossamer
a: Bend Time, Temporal Distortion, Slouch, Renounce Religion


You were on level 5 of the Pits of Slime.
You worshipped Cheibriados.
Cheibriados was greatly pleased with you.
You were not hungry.

You visited 11 branches of the dungeon, and saw 50 of its levels.
You visited the Abyss 1 time.
You also visited: Trove, Sewer and Volcano.

You collected 6683 gold pieces.
You spent 2078 gold pieces at shops.

Inventory:

Hand Weapons
 a - the +12 long sword of the Living Dead (weapon) {holy, rPois}
   (You found it on level 4 of the Dungeon)

   It has been blessed by the Shining One to cause great damage to the undead
   and demons.
   It protects you from poison.
 b - a +9 hunting sling of flaming
 L - the +5 scimitar of Precise Incision {flame, +Inv Str+3}
   (You took it off a deep elf mage on level 1 of the Elven Halls)

   It has been specially enchanted to burn those struck by it, causing extra
   injury to most foes and up to half again as much damage against particularly
   susceptible opponents.
   Big, fiery blades are also staple armaments of hydra-hunters.
   It affects your strength (+3).
   It lets you turn invisible.
 V - the +3 trident "Buleij" {pierce, rPois Str+2 SInv}
   (You bought it in a shop on level 12 of the Dungeon)

   It inflicts extra damage upon your enemies.
   It affects your strength (+2).
   It protects you from poison.
   It lets you see invisible.
Missiles
 m - 1096 stones (quivered)
 s - 28 javelins of penetration
 O - 176 sling bullets
Armour
 t - the +0 pair of gloves of Activism (worn) {rN+}
   (You found it in a treasure trove)

   It protects you from negative energy.
 K - the +5 pair of boots of the Untouchables (worn) {rF+ MP+9 Stlth+}
   (You found it on level 3 of the Elven Halls)

   It protects you from fire.
   It affects your magic capacity (+9).
   It makes you more stealthy.
 P - the -2 hat of the Alchemist (worn) {rElec rPois rF+ rC+ rN+ MR+ rMut rCorr}
   (You found it on level 4 of the Depths)

   It protects you from fire.
   It protects you from cold.
   It insulates you from electricity.
   It protects you from poison.
   It protects you from negative energy.
   It affects your resistance to hostile enchantments.
   It provides partial protection from all sources of acid and corrosion.
   It protects you from mutation.
 R - +6 fire dragon scales (worn)
 T - a +1 buckler of reflection (worn)
 X - a scarf of cloud immunity (worn)
Jewellery
 j - an uncursed ring of positive energy
 w - a ring of protection from cold (right hand)
 A - an uncursed ring of teleportation
 B - an amulet of regeneration (around neck)
 C - a ring of positive energy (left hand)
Wands
 D - a wand of paralysis (7)
 I - a wand of disintegration (24)
 W - a wand of digging (1)
Scrolls
 k - 4 scrolls of fog
 l - 2 scrolls of torment
 u - 4 scrolls of fear
 v - 2 scrolls of magic mapping
 x - 30 scrolls of teleportation
 y - 2 scrolls of brand weapon
 G - 12 scrolls of amnesia
 Q - 19 scrolls of identify
 S - 15 scrolls of remove curse
 U - 3 scrolls of holy word
 Z - 2 scrolls of enchant armour
Potions
 e - 6 potions of resistance
 f - 7 potions of lignification
 g - 2 potions of invisibility
 h - 5 potions of magic
 i - 2 potions of cancellation
 n - 6 potions of flight
 o - 7 potions of curing
 p - 4 potions of mutation
 q - 7 potions of might
 z - 4 potions of brilliance
 N - 3 potions of agility
Books
 H - a manual of Armour
Miscellaneous
 c - 2 phantom mirrors
 E - 2 boxes of beasts
 J - a fan of gales
 M - 2 sacks of spiders
 Y - a crystal ball of energy
Comestibles
 d - 67 rations


   Skills:
 + Level 15.7 Fighting
 + Level 15.7 Short Blades
 + Level 15.7 Long Blades
 + Level 15.7 Axes
 + Level 15.7 Maces & Flails
 + Level 15.7 Polearms
 + Level 15.7 Staves
 + Level 15.7 Slings
 + Level 15.7 Bows
 + Level 15.7 Crossbows
 + Level 15.7 Throwing
 + Level 18.3 Armour
 + Level 16.2 Dodging
 + Level 16.1 Stealth
 + Level 15.7 Shields
 + Level 15.7 Unarmed Combat
 + Level 16.9 Spellcasting
 + Level 13.7 Conjurations
 + Level 13.5 Hexes
 + Level 13.5 Charms
 + Level 13.7 Summonings
 + Level 13.5 Necromancy
 + Level 13.7 Translocations
 + Level 13.5 Transmutations
 + Level 13.5 Fire Magic
 + Level 13.5 Ice Magic
 + Level 13.5 Air Magic
 + Level 13.5 Earth Magic
 + Level 13.5 Poison Magic
 + Level 16.9 Invocations
 + Level 15.7 Evocations


You had 11 spell levels left.
You knew the following spells:

 Your Spells              Type           Power        Failure   Level  Hunger
a - Magic Dart            Conj           ####         0%          1    None
b - Call Imp              Summ           #######.     1%          2    None
c - Mephitic Cloud        Conj/Pois/Air  #######.     1%          3    None
d - Conjure Flame         Conj/Fire      #######.     1%          3    None
e - Blink                 Tloc           N/A          1%          2    None
f - Slow                  Hex            #######.     1%          2    None
g - Force Lance           Conj/Tloc      #######.     1%          4    None
h - Airstrike             Air            #######...   1%          4    None
i - Lightning Bolt        Conj/Air       #######...   1%          5    None
j - Spectral Weapon       Hex/Chrm       #######.     1%          3    None
k - Deflect Missiles      Chrm/Air       #######...   1%          6    ##.....
l - Summon Lightning Spi  Summ/Air       #######.     1%          4    None
m - Statue Form           Tmut/Erth      #######..    1%          6    ##.....

Your spell library contained the following spells:

 Spells                   Type           Power        Failure   Level  Hunger
 Animate Skeleton         Necr           N/A          0%          1    None
 Confusing Touch          Hex            ######       0%          1    None
 Corona                   Hex            #######      0%          1    None
 Flame Tongue             Conj/Fire      #####        0%          1    None
 Infusion                 Chrm           ####         0%          1    None
 Pain                     Necr           ####         0%          1    None
 Shock                    Conj/Air       ####         0%          1    None
 Summon Small Mammal      Summ           ####         0%          1    None
 Passwall                 Tmut/Erth      #######.     1%          2    None
 Poisonous Vapours        Pois/Air       ######       1%          2    None
 Searing Ray              Conj           ######       1%          2    None
 Shroud of Golubria       Chrm/Tloc      #######...   1%          2    None
 Song of Slaying          Chrm           #######.     1%          2    None
 Swiftness                Chrm/Air       #######.     1%          2    None
 Throw Flame              Conj/Fire      ######       1%          2    None
 Call Canine Familiar     Summ           #######.     1%          3    None
 Confuse                  Hex            #######.     1%          3    None
 Dazzling Spray           Conj/Hex       ######       1%          3    None
 Gell's Gravitas          Tloc           #######...   1%          3    None
 Ignite Poison            Fire/Tmut/Pois #######.     1%          3    None
 Inner Flame              Hex/Fire       #######.     1%          3    None
 Portal Projectile        Hex/Tloc       ######       1%          3    None
 Recall                   Summ/Tloc      N/A          1%          3    None
 Regeneration             Chrm/Necr      #######...   1%          3    None
 Static Discharge         Conj/Air       #######.     1%          3    None
 Summon Guardian Golem    Hex/Summ       #######.     1%          3    None
 Vampiric Draining        Necr           #######...   1%          3    None
 Animate Dead             Necr           N/A          1%          4    None
 Cause Fear               Hex            #######...   1%          4    None
 Fulminant Prism          Conj/Hex       #######...   1%          4    None
 Ice Form                 Ice/Tmut       #######.     1%          4    None
 Iskenderun's Mystic Bla  Conj           #######.     1%          4    None
 Leda's Liquefaction      Hex/Erth       #######...   1%          4    None
 Olgreb's Toxic Radiance  Pois           #######.     1%          4    None
 Passage of Golubria      Tloc           N/A          1%          4    None
 Petrify                  Tmut/Erth      #######.     1%          4    None
 Sticky Flame             Conj/Fire      #######.     1%          4    None
 Summon Ice Beast         Ice/Summ       #######.     1%          4    None
 Aura of Abjuration       Summ           #######...   1%          5    None
 Borgnjor's Vile Clutch   Necr/Erth      #######...   1%          5    None
 Fireball                 Conj/Fire      #######...   1%          5    None
 Irradiate                Conj/Tmut      #######...   1%          5    None
 Iskenderun's Battlesphe  Conj/Chrm      #######.     1%          5    None
 Lee's Rapid Deconstruct  Erth           #######...   1%          5    None
 Metabolic Englaciation   Hex/Ice        #######...   1%          5    None
 Silence                  Hex/Air        #######...   1%          5    None
 Summon Demon             Summ           #######...   1%          5    None
 Summon Forest            Summ/Tloc      #######...   1%          5    None
 Summon Mana Viper        Hex/Summ       #######.     1%          5    None
 Venom Bolt               Conj/Pois      #######...   1%          5    None
 Yara's Violent Unravell  Hex/Tmut       #######...   1%          5    None
 Darkness                 Hex            #######...   1%          6    ##.....
 Death Channel            Necr           #######...   1%          6    ##.....
 Dispersal                Tloc           #######...   1%          6    ##.....
 Hydra Form               Tmut           #######...   1%          6    ##.....
 Invisibility             Hex            #######.     1%          6    ##.....
 Shadow Creatures         Summ           N/A          1%          6    ##.....
 Simulacrum               Ice/Necr       #######...   1%          6    ##.....
 Malign Gateway           Summ/Tloc      #######...   11%         7    #####..
 Dragon Form              Tmut           #######...   12%         7    #####..
 Disjunction              Tloc           #######...   63%         8    ######.
 Discord                  Hex            #######...   65%         8    ######.
 Dragon's Call            Summ           #######...   100%        9    #######


Dungeon Overview and Level Annotations

Branches:
Dungeon (15/15)            Temple (1/1) D:7            Lair (6/6) D:9
 Shoals (4/4) Lair:2       Spider (4/4) Lair:3        Slime (5/5) Lair:5
    Orc (2/2) D:10            Elf (3/3) Orc:2        Vaults (4/5) D:14
  Crypt (0/3) Vaults:3     Depths (5/5) D:15           Hell (1/1)
    Zot (0/5) Depths:5
    Dis: Hell:1         Geh: Hell:1         Coc: Hell:1         Tar: Hell:1

Altars:
Ashenzari
Cheibriados
Elyvilon
Fedhas
Gozag
Hepliaklqana
Kikubaaqudgha
Makhleb
Nemelex Xobeh
Okawaru
Qazlal
Ru
Sif Muna
Trog
Uskayaw
Vehumet
Wu Jian
Xom
Yredelemnul
Zin
The Shining One
Beogh
Jiyva

Shops:
D:9 (   D:12 [*[((   Orc:2 *[=(   Elf:1 }   Shoals:3 *   Vaults:1 [:*
Vaults:2 }   Depths:4 *

Portals:
Hell: Depths:1 Depths:2 Depths:3 Depths:4 Depths:5
Abyss: Depths:4
Pandemonium: Depths:3 Depths:4
Ziggurat: Depths:2

Annotations:
D:5 3 runed translucent doors, PentaManta's ghost, novice HaHu
D:7 exclusion: oklob plant
D:8 exclusion: killer bee, Gastronok
D:15 2 runed translucent doors, TheWayOfAllFlesh's ghost, journeyman HuNe
Lair:2 3 runed translucent doors, suspiciousseal's ghost, journeyman MiMo
Shoals:2 1 transporter
Slime:5 Royal Jelly
Depths:5 3 runed translucent doors, P0WERM0DE's ghost, adept DDFi
Hell Geryon


Innate Abilities, Weirdness & Mutations

Your experience applies equally to all skills.
You have very sharp teeth.
Your uncanny sense of smell can sniff out nearby items.
You are clumsy. (Dex -2)
You are very dopey. (Int -4)
You are frail. (-10% HP)


Message History

* * * LOW HITPOINT WARNING * * *
The acid blob spits acid at you. The splash of acid hits you. You resist.
* * * LOW HITPOINT WARNING * * *
You are splashed with acid.
You resist.
* * * LOW HITPOINT WARNING * * *
You feel better. The acid blob spits acid at you. The splash of acid hits you.
You resist.
* * * LOW HITPOINT WARNING * * *
The acid corrodes you!
You are splashed with acid!
You resist.
* * * LOW HITPOINT WARNING * * *
Okay, then.
You feel better. The acid blob spits acid at you.
The splash of acid hits you but does no damage.
The acid corrodes you!
You are splashed with acid.
You resist.
* * * LOW HITPOINT WARNING * * *
The acid blob hits you!
You die...

#.............................
##.............................
#..............................
#.......................J......
#..............................
#..............................
##............(................
###..........J................
#..........@................
##...##.....................
#..####.......<........####
#### ##............####
##....#....### ###...#####
#####


You could see an acid blob and a friendly spectral +12 long sword of the Living
Dead {holy, rPois}.

Vanquished Creatures
  Boris (Depths:3)
  A caustic shrike (Depths:2)
  2 golden dragons
  Nikola (Elf:3)
  Jory (Vaults:4)
  A bone dragon (Depths:5)
  The ghost of rayg00n the Cloud Mage, an adept DrAE of Vehumet (Vaults:2)
  2 tentacled monstrosities
  Jorgrun (Spider:1)
  2 liches
  2 deep elf blademasters
  26 acid blobs
  A quicksilver dragon (Depths:2)
  Frances (D:13)
  An ancient champion (Vaults:3)
  Polyphemus (Shoals:3)
  4 sphinxes
  4 tengu reavers
  The ghost of cada the Fencer, an adept OpFi of Okawaru (Shoals:4)
  5 fire giants
  Donald (Vaults:2)
  24 azure jellies
  4 storm dragons
  2 ghost moths
  2 draconian knights (Depths:5)
  3 deep elf sorcerers
  5 emperor scorpions
  8 frost giants
  9 vault wardens
  3 deep elf elementalists
  3 orc warlords
  8 ironheart preservers
  6 very ugly things
  3 entropy weavers
  6 spriggan defenders
  10 deep elf annihilators
  4 vampire knights
  A black draconian (Depths:5)
  12 stone giants
  3 purple draconians (Depths:5)
  3 deep elf demonologists
  The ghost of Forgol the Carver, a journeyman DsBe of Trog (Lair:6)
  A minotaur (Lair:6)
  4 dire elephants (Lair:6)
  A red draconian (Depths:5)
  Snorg (Lair:6)
  10 ettins
  6 spark wasps
  6 deep elf death magi
  2 merfolk javelineers
  9 death oozes (Slime:5)
  8 yaktaur captains
  4 merfolk impalers
  7 fire dragons
  21 great orbs of eyes
  12 ice dragons
  A monstrous demonspawn (Depths:4)
  8 vault guards
  4 rakshasas
  A deep elf high priest (Elf:2)
  Fannar (Lair:2)
  6 ogre magi
  7 hydras
  5 merfolk avatars
  Erica (D:11)
  4 merfolk aquamancers
  8 spriggan air magi
  An anaconda (Lair:6)
  12 centaur warriors
  3 catoblepae
  27 two-headed ogres
  3 vampire magi
  3 death yaks (Shoals:3)
  7 tengu warriors
  2 death knights
  5 deep troll earth magi
  8 death scarabs (Spider:4)
  7 spriggan berserkers
  2 orc high priests
  A hell hog (Depths:3)
  5 deep troll shamans
  27 dancing weapons
  6 hell knights
  3 thrashing horrors (Abyss:4)
  Urug (D:10)
  Nergalle (Orc:1)
  17 deep elf knights
  A large abomination (Abyss:4)
  A soul eater (Depths:4)
  A sixfirhy (Depths:3)
  3 skeletal warriors
  A torturous demonspawn (Depths:4)
  An unseen horror (D:13)
  2 iron trolls
  13 sea snakes
  An unseen horror (shapeshifter) (Depths:3)
  3 spectral emperor scorpions (Spider:4)
  A salamander mystic (Depths:4)
  3 flayed ghosts (Depths:2)
  An infernal demonspawn (Depths:3)
  21 deep trolls
  2 wizards
  9 deep elf archers
  5 glowing orange brains
  A shadow demon (Depths:3)
  A harpy (shapeshifter) (Vaults:4)
  8 ironbrand convokers
  5 necromancers
  4 harpies (Vaults:4)
  3 spectral wolf spiders (Spider:4)
  64 deep elf magi
  11 orc knights
  3 phantasmal warriors
  10 orb spiders
  42 ugly things
  11 shining eyes
  3 fauns (Shoals:2)
  A sphinx zombie (Vaults:3)
  6 cyclopes
  An oklob plant (Lair:6)
  4 orc sorcerers
  9 manticores
  22 wolf spiders
  3 salamanders
  4 elephants (Lair:6)
  5 merfolk sirens
  A black mamba (shapeshifter) (Depths:3)
  2 black mambas
  3 torpor snails
  A rust devil (Depths:4)
  3 centaur zombies
  6 moths of wrath
  4 eyes of devastation
  A frost giant skeleton (Vaults:2)
  A water nymph (Shoals:4)
  A yaktaur zombie (Vaults:2)
  7 vault sentinels
  7 gargoyles
  A storm dragon simulacrum (Vaults:2)
  4 spectral redbacks (Spider:4)
  8 spiny frogs
  A kobold demonologist (D:13)
  2 rime drakes
  An efreet (Volcano)
  3 freezing wraiths
  6 komodo dragons
  3 redback zombies (Spider:4)
  8 demonic crawlers
  3 ice devils
  25 yaktaurs
  A tormentor (Depths:4)
  2 queen bees
  A yaktaur skeleton (Vaults:3)
  3 tengu conjurers
  A polar bear (shapeshifter) (Depths:4)
  11 merfolk
  25 jumping spiders
  A polar bear (Lair:2)
  6 trolls
  4 wind drakes
  3 meliai (Lair:6)
  2 hornets (shapeshifter)
  8 hippogriffs
  2 spectral jumping spiders (Spider:4)
  14 dream sheep
  11 hornets
  12 blink frogs
  A jumping spider zombie (Spider:4)
  89 slime creatures
  2 snapping turtles
  3 spectral tarantellas (Spider:4)
  An ettin skeleton (Vaults:3)
  5 flying skulls (Abyss:4)
  25 tarantellas
  24 water elementals
  53 redbacks
  2 air elementals (Elf:1)
  A centaur simulacrum (D:14)
  6 wraiths
  A shadow (D:15)
  6 spriggans
  2 wyverns
  40 yaks
  5 fire elementals
  22 golden eyes
  Grum (D:8)
  6 fire bats
  4 basilisks
  2 hungry ghosts (D:11)
  2 steam dragons
  Menkaure (D:6)
  A swamp worm (shapeshifter) (Elf:2)
  8 wargs
  3 acid dragons
  2 floating eyes (Depths:2)
  7 porcupines
  A small abomination (Abyss:4)
  10 water moccasins
  A spectral hornet (Spider:4)
  3 hell hounds (Depths:3)
  Purgy (Sewer)
  2 sky beasts
  A swamp drake (shapeshifter) (Depths:3)
  11 eyes of draining
  44 orc warriors
  A black bear (shapeshifter) (Vaults:4)
  2 human zombies
  2 hornet zombies (Spider:4)
  An ice beast (shapeshifter) (Vaults:1)
  6 phantoms
  2 black bears
  31 ogres
  A necrophage (D:13)
  11 boggarts
  17 centaurs
  11 wolves
  13 crocodiles
  2 big kobolds
  Blork the orc (D:6)
  A wyvern zombie (D:13)
  17 bullfrogs
  6 earth elementals (D:13)
  2 human skeletons (Vaults:2)
  2 wyvern skeletons
  4 scorpions
  38 killer bees
  6 electric eels
  7 howler monkeys
  6 crimson imps
  6 lava snakes (Volcano)
  2 bullfrog zombies
  2 quasits
  24 orc wizards
  4 jellies
  Crazy Yiuf (D:6)
  16 orc priests
  4 hounds
  5 centaur skeletons
  An iron imp (Depths:4)
  An iguana (D:11)
  15 worker ants
  2 hound skeletons
  3 worker ant zombies
  Robin (D:2)
  7 gnolls
  10 adders
  3 shadow imps
  A white imp (Depths:4)
  An ufetubus (Depths:4)
  6 oozes
  3 adder skeletons
  An adder zombie (D:7)
  A worm (D:2)
  A worm (shapeshifter) (Depths:5)
  7 dart slugs
  10 leopard geckos
  96 orcs
  13 giant cockroaches
  16 goblins
  7 hobgoblins
  17 jackals
  21 kobolds
  7 quokkas
  6 ball pythons
  4 bats
  11 frilled lizards
  A jackal skeleton (D:4)
  A leopard gecko skeleton (D:6)
  A quokka skeleton (D:6)
  6 rats
  4 plants (Lair:6)
  3 spectral weapons
1899 creatures vanquished.

Vanquished Creatures (collateral kills)
  Xtahua (Vaults:2)
  A caustic shrike (Depths:5)
  A golden dragon (Depths:2)
  An acid blob (Slime:5)
  A frost giant (Depths:2)
  Aizul (Vaults:2)
  A deep elf sorcerer (Vaults:4)
  A very ugly thing (Vaults:3)
  A war gargoyle (Vaults:4)
  A stone giant (Depths:2)
  3 deep elf death magi
  An ettin (Vaults:3)
  3 fire dragons
  A merfolk javelineer (Shoals:4)
  3 yaktaur captains
  A rakshasa (Vaults:1)
  An ice dragon (Depths:2)
  A vault guard (Vaults:3)
  A two-headed ogre (Vaults:3)
  A centaur warrior (Vaults:2)
  5 ogre magi
  A deep troll shaman (Depths:4)
  A hell hog (Depths:3)
  2 deep troll earth magi
  A hell knight (Depths:3)
  2 spriggan berserkers (Depths:3)
  2 deep elf knights (Vaults:2)
  2 glowing orange brains
  4 deep trolls
  2 flayed ghosts
  5 ironbrand convokers
  A deep elf archer (Vaults:2)
  A wizard (Vaults:1)
  A kraken simulacrum (Shoals:4)
  A phantasmal warrior (Vaults:4)
  2 orc knights
  A harpy (Shoals:4)
  2 ugly things
  2 deep elf magi
  6 vault sentinels
  A water nymph (Shoals:2)
  A spiny frog (shapeshifter) (Vaults:2)
  A freezing wraith (Vaults:4)
  6 yaktaurs
  2 tengu conjurers
  5 merfolk
  2 hornets
  A snapping turtle (Shoals:4)
  7 slime creatures
  2 dream sheep (Shoals:3)
  A water elemental (Shoals:4)
  A golden eye (Slime:1)
  A ynoxinul (Depths:3)
  An acid dragon (Vaults:2)
  3 hell hounds (Depths:3)
  An orc warrior (Vaults:4)
  7 ogres
  3 killer bees (Depths:2)
  2 orc priests (Orc:1)
  A quasit (Depths:4)
  A white imp (Depths:4)
  2 orcs
  A quokka (D:6)
123 creatures vanquished.

Vanquished Creatures (others)
  A fire giant (Vaults:3)
  A vault warden (Vaults:4)
  A stone giant (Depths:3)
  2 yaktaur captains
  A merfolk aquamancer (Shoals:4)
  A deep troll earth mage (Depths:3)
  2 deep elf knights
  2 deep elf magi
  A wolf spider (Spider:3)
  A manticore (Shoals:4)
  A salamander (Depths:4)
  2 yaktaurs
  A tarantella (Spider:3)
  A centaur (Vaults:2)
  A killer bee (Lair:6)
  An orc priest (D:13)
  2 orc wizards (D:13)
  4 orcs (D:13)
  12 fungi
  10 plants
  60 spectral weapons
  3 tentacles (Shoals:4)
111 creatures vanquished.

Grand Total: 2133 creatures vanquished

Notes
Turn   | Place    | Note
-------+----------+-------------------------------------------
     0 | D:1      | Andrea the Gnoll Wizard began the quest for the Orb.
     0 | D:1      | Reached XP level 1. HP: 13/13 MP: 8/8
   140 | D:1      | Reached XP level 2. HP: 11/19 MP: 5/10
   485 | D:1      | Learned a level 2 spell: Call Imp
   669 | D:1      | Reached XP level 3. HP: 23/25 MP: 11/11
   784 | D:1      | Learned a level 3 spell: Mephitic Cloud
   788 | D:1      | Learned a level 3 spell: Conjure Flame
   791 | D:1      | Learned a level 2 spell: Blink
   794 | D:1      | Learned a level 2 spell: Slow
  1298 | D:2      | Reached skill level 1 in Invocations
  1430 | D:2      | Reached skill level 1 in Fighting
  1430 | D:2      | Reached skill level 1 in Short Blades
  1430 | D:2      | Reached skill level 1 in Long Blades
  1430 | D:2      | Reached skill level 1 in Axes
  1430 | D:2      | Reached skill level 1 in Maces & Flails
  1430 | D:2      | Reached skill level 1 in Polearms
  1430 | D:2      | Reached skill level 1 in Staves
  1430 | D:2      | Reached skill level 1 in Slings
  1430 | D:2      | Reached skill level 1 in Bows
  1430 | D:2      | Reached skill level 1 in Crossbows
  1430 | D:2      | Reached skill level 1 in Throwing
  1430 | D:2      | Reached skill level 1 in Armour
  1430 | D:2      | Reached skill level 1 in Shields
  1430 | D:2      | Reached skill level 1 in Unarmed Combat
  1430 | D:2      | Reached skill level 1 in Evocations
  1572 | D:2      | Reached XP level 4. HP: 32/32 MP: 11/13
  1874 | D:2      | Noticed Robin
  1897 | D:2      | Killed Robin
  2334 | D:3      | Reached skill level 1 in Hexes
  2334 | D:3      | Reached skill level 1 in Charms
  2334 | D:3      | Reached skill level 1 in Necromancy
  2334 | D:3      | Reached skill level 1 in Transmutations
  2334 | D:3      | Reached skill level 1 in Fire Magic
  2334 | D:3      | Reached skill level 1 in Ice Magic
  2334 | D:3      | Reached skill level 1 in Air Magic
  2334 | D:3      | Reached skill level 1 in Earth Magic
  2334 | D:3      | Reached skill level 1 in Poison Magic
  2494 | D:3      | Noticed a centaur
  2725 | D:3      | Reached XP level 5. HP: 37/37 MP: 11/14
  3238 | D:3      | Killed a centaur
  3570 | D:3      | Reached XP level 6. HP: 44/44 MP: 12/16
  3759 | D:4      | Got a fine long sword
  4227 | D:4      | Reached skill level 2 in Armour
  4227 | D:4      | Reached skill level 5 in Dodging
  4719 | D:5      | Entered Level 5 of the Dungeon
  4728 | D:5      | Reached XP level 7. HP: 43/50 MP: 18/18
  4928 | D:5      | Found a runed translucent gate.
  4928 | D:5      | Found a runed translucent gate.
  4928 | D:5      | Found a runed translucent gate.
  4928 | D:5      | Noticed PentaManta's ghost (novice HaHu)
  5697 | D:6      | Found a white marble altar of Elyvilon.
  5703 | D:6      | Noticed Menkaure
  5775 | D:6      | Reached skill level 5 in Stealth
  5805 | D:6      | Noticed Blork the orc
  5816 | D:6      | Killed Blork the orc
  5865 | D:6      | Found a glowing drain.
  5876 | Sewer    | Entered a sewer
  6046 | Sewer    | Noticed Purgy
  6051 | Sewer    | Killed Purgy
  6051 | Sewer    | Reached XP level 8. HP: 57/57 MP: 11/19
  6179 | D:6      | Reached skill level 3 in Armour
  6401 | D:5      | Identified the +12 long sword of the Living Dead {holy,
                  | rPois} (You found it on level 4 of the Dungeon)
  6465 | D:6      | Killed Menkaure
  7231 | D:6      | Found a runed translucent door.
  7232 | D:6      | Noticed Crazy Yiuf
  7240 | D:6      | Killed Crazy Yiuf
  7240 | D:6      | Reached XP level 9. HP: 56/65 MP: 17/21
  7367 | D:7      | Found a hide-covered altar of Uskayaw.
  7367 | D:7      | Found an ancient bone altar of Kikubaaqudgha.
  7376 | D:7      | Found an ornate altar of the Wu Jian Council.
  7376 | D:7      | Found a burning altar of Makhleb.
  7378 | D:7      | Found a stormy altar of Qazlal.
  7378 | D:7      | Found a blossoming altar of Fedhas.
  7565 | D:7      | Found a staircase to the Ecumenical Temple.
  7615 | Temple   | Entered the Ecumenical Temple
  7920 | Temple   | Became a worshipper of Cheibriados the Contemplative
  7975 | D:7      | Reached skill level 4 in Armour
  8330 | D:7      | Found a blossoming altar of Fedhas.
  8342 | D:7      | Noticed an oklob plant
  8730 | D:7      | Identified a scroll of acquirement
  8730 | D:7      | Identified the Compendium of the Traveller (You acquired it
                  | on level 7 of the Dungeon)
  8752 | D:8      | Noticed a two-headed ogre
  8756 | D:8      | Reached * piety under Cheibriados
  8770 | D:8      | Killed a two-headed ogre
  8770 | D:8      | Reached skill level 5 in Invocations
  9152 | D:8      | Noticed Grum
  9162 | D:8      | Reached XP level 10. HP: 68/73 MP: 7/22
  9172 | D:8      | Killed Grum
  9384 | D:8      | Noticed Gastronok
  9618 | D:8      | Reached skill level 5 in Fighting
  9618 | D:8      | Reached skill level 5 in Short Blades
  9618 | D:8      | Reached skill level 5 in Long Blades
  9618 | D:8      | Reached skill level 5 in Axes
  9618 | D:8      | Reached skill level 5 in Maces & Flails
  9618 | D:8      | Reached skill level 5 in Polearms
  9618 | D:8      | Reached skill level 5 in Staves
  9618 | D:8      | Reached skill level 5 in Slings
  9618 | D:8      | Reached skill level 5 in Bows
  9618 | D:8      | Reached skill level 5 in Crossbows
  9618 | D:8      | Reached skill level 5 in Throwing
  9618 | D:8      | Reached skill level 5 in Armour
  9618 | D:8      | Reached skill level 5 in Shields
  9618 | D:8      | Reached skill level 5 in Unarmed Combat
  9618 | D:8      | Reached skill level 5 in Evocations
  9621 | D:8      | Reached ** piety under Cheibriados
 10063 | D:9      | Found a staircase to the Lair.
 10202 | D:9      | Learned a level 4 spell: Force Lance
 10238 | D:9      | Noticed a two-headed ogre
 10254 | D:9      | Killed a two-headed ogre
 10254 | D:9      | Reached skill level 5 in Conjurations
 10254 | D:9      | Reached skill level 5 in Summonings
 10254 | D:9      | Reached skill level 5 in Translocations
 10403 | D:9      | Reached *** piety under Cheibriados
 10922 | D:9      | Found Resh's Antique Weapon Boutique.
 11132 | Lair:1   | Entered Level 1 of the Lair of Beasts
 11141 | Lair:1   | Found a shimmering altar of Xom.
 11177 | Lair:1   | Reached XP level 11. HP: 81/81 MP: 18/24
 11633 | Lair:1   | Reached **** piety under Cheibriados
 11633 | Lair:1   | Reached skill level 6 in Armour
 11735 | Lair:1   | Reached skill level 5 in Hexes
 11735 | Lair:1   | Reached skill level 5 in Charms
 11735 | Lair:1   | Reached skill level 5 in Necromancy
 11735 | Lair:1   | Reached skill level 5 in Transmutations
 11735 | Lair:1   | Reached skill level 5 in Fire Magic
 11735 | Lair:1   | Reached skill level 5 in Ice Magic
 11735 | Lair:1   | Reached skill level 5 in Air Magic
 11735 | Lair:1   | Reached skill level 5 in Earth Magic
 11735 | Lair:1   | Reached skill level 5 in Poison Magic
 12272 | Lair:2   | Found a runed translucent gate.
 12272 | Lair:2   | Found a runed translucent gate.
 12272 | Lair:2   | Found a runed translucent gate.
 12272 | Lair:2   | Noticed suspiciousseal's ghost (journeyman MiMo)
 12355 | Lair:2   | Noticed Fannar
 12381 | Lair:2   | Killed Fannar
 12555 | Lair:2   | Noticed a manticore
 12571 | Lair:2   | Killed a manticore
 12575 | Lair:2   | Found a staircase to the Shoals.
 13180 | Lair:3   | Noticed a catoblepas
 13195 | Lair:3   | Killed a catoblepas
 13449 | Lair:3   | Reached XP level 12. HP: 47/89 MP: 16/25
 13577 | Lair:3   | Reached ***** piety under Cheibriados
 13692 | Lair:3   | Reached skill level 10 in Spellcasting
 13870 | Lair:3   | Found a hole to the Spider Nest.
 14236 | Lair:3   | Reached skill level 7 in Armour
 15587 | Lair:5   | Noticed a seven-headed hydra
 15599 | Lair:5   | Killed a seven-headed hydra
 16049 | Lair:5   | Noticed a seven-headed hydra
 16056 | Lair:5   | Killed a seven-headed hydra
 16177 | Lair:5   | Found a staircase to the Slime Pits.
 16574 | Lair:6   | Entered Level 6 of the Lair of Beasts
 16593 | Lair:6   | Noticed a five-headed hydra
 16847 | Lair:6   | Reached XP level 13. HP: 97/98 MP: 24/27
 16848 | Lair:6   | Found a dark tunnel.
 16856 | Volcano  | Entered a volcano
 17335 | Volcano  | Reached ****** piety under Cheibriados
 17460 | Volcano  | Found a radiant altar of Vehumet.
 17880 | Volcano  | Noticed a stone giant
 17891 | Volcano  | Killed a stone giant
 18219 | Lair:6   | Reached skill level 8 in Armour
 18869 | Lair:6   | Learned a level 4 spell: Airstrike
 18875 | Lair:6   | Learned a level 5 spell: Lightning Bolt
 18990 | Lair:6   | Found a runed translucent gate.
 19027 | Lair:6   | Found a runed translucent gate.
 19027 | Lair:6   | Found a runed translucent gate.
 19038 | Lair:6   | Noticed a minotaur
 19040 | Lair:6   | Noticed Forgol's ghost (journeyman DsBe)
 19139 | Lair:6   | Identified the +9 spear "Ybuvynwa" {flame, *Drain Int+3
                  | Stlth+}
 19342 | Lair:6   | Noticed Snorg
 19355 | Lair:6   | Killed Snorg
 20023 | Lair:6   | Noticed a dire elephant
 20023 | Lair:6   | Noticed a dire elephant
 20031 | Lair:6   | Noticed a dire elephant
 20322 | Lair:6   | Killed a dire elephant
 20649 | Lair:6   | Killed a dire elephant
 20714 | Lair:6   | Got a scintillating silver amulet
 20727 | Lair:6   | Identified the amulet "Pahoejea" {Inacc rElec rN+ Stlth-}
                  | (You found it on level 6 of the Lair of Beasts)
 20907 | Lair:6   | Killed a dire elephant
 20907 | Lair:6   | Reached XP level 14. HP: 106/106 MP: 14/29
 20910 | Lair:6   | Noticed a dire elephant
 20924 | Lair:6   | Killed a dire elephant
 21426 | D:10     | Entered Level 10 of the Dungeon
 21594 | D:10     | Got a twisted great mace
 21705 | D:10     | Noticed Urug
 21719 | D:10     | Killed Urug
 21803 | D:10     | Found a staircase to the Orcish Mines.
 21950 | D:10     | You fall through a shaft for 2 floors!
 21951 | D:12     | Found Qyptio's General Store.
 22087 | D:11     | Reached skill level 10 in Dodging
 22291 | D:11     | Noticed Erica
 22295 | D:11     | Killed Erica
 22395 | D:11     | Identified the cursed +3 falchion of a wizard's laboratory
                  | {slice, Int-4 Dex+7}
 22893 | D:10     | Found a glowing golden altar of the Shining One.
 22980 | D:11     | Reached skill level 9 in Armour
 23675 | D:12     | You fall through a shaft for 3 floors!
 23675 | D:15     | Entered Level 15 of the Dungeon
 23741 | D:13     | Found a gate leading to a gauntlet.
 23741 | D:13     | Noticed Frances
 23776 | D:14     | Found a gate to the Vaults.
 23809 | D:13     | Reached skill level 10 in Stealth
 24243 | D:12     | Found Doatuyfi's Antique Armour Shoppe.
 24373 | D:12     | Found Ubiexyobb's Antique Weapon Boutique.
 24386 | D:12     | Found Gyrphew's Weapon Shoppe.
 24444 | D:12     | Found Daav's Antique Armour Boutique.
 24695 | Orc:1    | Entered Level 1 of the Orcish Mines
 24753 | Orc:1    | Noticed an orc warlord
 24763 | Orc:1    | Reached skill level 10 in Invocations
 24918 | Orc:1    | Killed an orc warlord
 25321 | Orc:2    | Entered Level 2 of the Orcish Mines
 25556 | Orc:2    | Found a staircase to the Elven Halls.
 25645 | Orc:2    | Learned a level 3 spell: Spectral Weapon
 25909 | Orc:2    | Learned a level 6 spell: Deflect Missiles
 26062 | Orc:2    | Noticed an orc warlord
 26080 | Orc:2    | Killed an orc warlord
 26290 | Orc:2    | Noticed an orc warlord
 26788 | Orc:2    | Found a roughly hewn altar of Beogh.
 26812 | Orc:2    | Killed an orc warlord
 26829 | Orc:2    | Found Oseox's Jewellery Shoppe.
 26839 | Orc:2    | Reached XP level 15. HP: 45/114 MP: 3/30
 26971 | Orc:2    | Found Rigikk's General Store.
 27246 | Orc:2    | Found Kela's Antique Armour Shoppe.
 27281 | Orc:2    | Found Faojy's Antique Weapon Shoppe.
 28260 | D:13     | Killed Frances
 28713 | D:13     | Got a pair of translucent boots
 28724 | D:13     | Identified the +2 pair of boots of Viuwn {rPois MR- Regen+
                  | SInv} (You found it on level 13 of the Dungeon)
 29676 | D:14     | Reached skill level 10 in Fighting
 29676 | D:14     | Reached skill level 10 in Short Blades
 29676 | D:14     | Reached skill level 10 in Long Blades
 29676 | D:14     | Reached skill level 10 in Axes
 29676 | D:14     | Reached skill level 10 in Maces & Flails
 29676 | D:14     | Reached skill level 10 in Polearms
 29676 | D:14     | Reached skill level 10 in Staves
 29676 | D:14     | Reached skill level 10 in Slings
 29676 | D:14     | Reached skill level 10 in Bows
 29676 | D:14     | Reached skill level 10 in Crossbows
 29676 | D:14     | Reached skill level 10 in Throwing
 29676 | D:14     | Reached skill level 10 in Armour
 29676 | D:14     | Reached skill level 10 in Shields
 29676 | D:14     | Reached skill level 10 in Unarmed Combat
 29676 | D:14     | Reached skill level 10 in Evocations
 30822 | D:15     | Reached XP level 16. HP: 40/122 MP: 17/32
 31481 | D:15     | Found a staircase to the Depths.
 31523 | D:15     | Found a runed translucent door.
 31531 | D:15     | Noticed a lich
 31532 | D:15     | Noticed TheWayOfAllFlesh's ghost (journeyman HuNe)
 31534 | D:15     | Noticed a tengu reaver
 31538 | D:15     | Found a runed translucent door.
 31869 | D:15     | Found the +0 sword of Power
 32120 | Spider:1 | Entered Level 1 of the Spider Nest
 32214 | Spider:1 | Noticed Jorgrun
 32232 | Spider:1 | Killed Jorgrun
 35686 | Spider:4 | Entered Level 4 of the Spider Nest
 35711 | Spider:4 | Reached skill level 11 in Armour
 35798 | Spider:4 | Reached XP level 17. HP: 121/131 MP: 26/33
 37545 | Spider:4 | Reached skill level 10 in Conjurations
 37545 | Spider:4 | Reached skill level 10 in Summonings
 37545 | Spider:4 | Reached skill level 10 in Translocations
 37857 | Spider:4 | Got a gossamer rune of Zot
 38292 | Orc:2    | Bought an uncursed ring of positive energy for 260 gold
                  | pieces
 38345 | Orc:1    | Noticed Nergalle
 38412 | Elf:1    | Entered Level 1 of the Elven Halls
 38426 | Elf:1    | Found Woets's Gadget Boutique.
 38624 | Elf:1    | Identified the +5 scimitar of Precise Incision {flame, +Inv
                  | Str+3}
 38860 | Elf:1    | Identified Emiduomm's Reference Book on Creation
 39775 | Elf:1    | Reached skill level 10 in Hexes
 39775 | Elf:1    | Reached skill level 10 in Charms
 39775 | Elf:1    | Reached skill level 10 in Necromancy
 39775 | Elf:1    | Reached skill level 10 in Transmutations
 39775 | Elf:1    | Reached skill level 10 in Fire Magic
 39775 | Elf:1    | Reached skill level 10 in Ice Magic
 39775 | Elf:1    | Reached skill level 10 in Air Magic
 39775 | Elf:1    | Reached skill level 10 in Earth Magic
 39775 | Elf:1    | Reached skill level 10 in Poison Magic
 40271 | Elf:1    | Reached XP level 18. HP: 139/139 MP: 32/35
 41057 | Elf:2    | Found a runed translucent gate.
 41058 | Elf:2    | Found a runed translucent gate.
 41063 | Elf:2    | Found a runed translucent gate.
 41621 | Elf:2    | Found a portal to a secret trove of treasure.
 41792 | Elf:2    | Noticed a deep elf blademaster
 41859 | Elf:2    | Killed a deep elf blademaster
 41859 | Elf:2    | Reached skill level 12 in Armour
 42631 | Elf:3    | Entered Level 3 of the Elven Halls
 42768 | Elf:3    | Noticed a deep elf blademaster
 42778 | Elf:3    | Killed a deep elf blademaster
 43215 | Elf:3    | Reached XP level 19. HP: 146/147 MP: 32/36
 43309 | Elf:3    | Noticed Nikola
 43324 | Elf:3    | Killed Nikola
 43820 | Elf:3    | Identified the +7 trident of an ossuary {antimagic, rF+}
 44245 | Elf:3    | Got a pair of smoking boots
 44257 | Elf:3    | Identified the +5 pair of boots of the Untouchables {rF+
                  | MP+9 Stlth+} (You found it on level 3 of the Elven Halls)
 44351 | Elf:3    | Learned a level 4 spell: Summon Lightning Spire
 44633 | Orc:1    | Killed Nergalle
 45081 | Lair:6   | Killed Forgol's ghost
 45532 | Vaults:1 | Entered Level 1 of the Vaults
 45833 | Vaults:1 | Found Zonno's Assorted Antiques.
 45877 | Vaults:1 | Found a blossoming altar of Fedhas.
 46368 | Vaults:1 | Found Kugh's Book Boutique.
 46487 | Vaults:1 | Found Behasod's Armour Emporium.
 46732 | Vaults:2 | Identified the cursed -7 shield "Gegoich" {rN++ Int+2}
 46732 | Vaults:2 | Noticed Donald
 46739 | Vaults:2 | Killed Donald
 46792 | Vaults:2 | Reached skill level 13 in Armour
 47455 | Vaults:2 | Found a runed translucent door.
 47461 | Vaults:2 | Noticed rayg00n's ghost (adept DrAE)
 47594 | Vaults:2 | Found Dumuttug's Gadget Shop.
 47920 | Vaults:2 | Noticed Aizul
 47932 | Vaults:2 | Killed Aizul
 48848 | Vaults:2 | Noticed Xtahua
 48863 | Vaults:2 | Killed Xtahua
 48863 | Vaults:2 | Reached XP level 20. HP: 133/156 MP: 38/38
 49191 | Vaults:1 | Bought a book of Transfigurations for 990 gold pieces
 49198 | Vaults:1 | Learned a level 6 spell: Statue Form
 50823 | Vaults:3 | Found a staircase to the Crypt.
 50954 | Vaults:3 | Reached skill level 14 in Armour
 52336 | Vaults:4 | Paralysed by a great orb of eyes for 2 turns
 52592 | Vaults:4 | Reached XP level 21. HP: 115/163 MP: 31/39
 52729 | Vaults:4 | Noticed Jory
 52742 | Vaults:4 | Killed Jory
 52744 | Vaults:4 | Reached skill level 15 in Spellcasting
 53446 | Depths:1 | Entered Level 1 of the Depths
 53726 | Depths:1 | Found a gateway to Hell.
 54890 | Depths:2 | Paralysed by a vampire knight for 5 turns
 55264 | Depths:2 | Reached skill level 15 in Armour
 55287 | Depths:2 | Identified the amulet of Gulal {Reflect rPois MP+9 Str-5
                  | Dex+7 SH+4}
 55765 | Elf:2    | You paid a toll of 5 scrolls of blinking to enter a
                  | treasure trove
 55766 | Trove    | Entered a treasure trove
 55799 | Trove    | Got a pair of dazzling gloves
 55821 | Trove    | Identified the +0 pair of gloves of Activism {rN+} (You
                  | found it in a treasure trove)
 55983 | Orc:2    | Bought a distressingly furry shield for 351 gold pieces
 55983 | Orc:2    | Identified the +2 shield "Cena" {Int+2 Dex-3 SInv} (You
                  | bought it in a shop on level 2 of the Orcish Mines)
 56207 | Hell     | Entered the Vestibule of Hell
 56207 | Hell     | Noticed Geryon
 56286 | Depths:2 | Noticed a golden dragon
 56336 | Depths:2 | Found a runed translucent door.
 56758 | Depths:2 | Paralysed by a floating eye for 3 turns
 56764 | Depths:2 | Paralysed by a floating eye for 2 turns
 56788 | Depths:2 | Reached skill level 15 in Invocations
 57017 | Depths:2 | Noticed a golden dragon
 57024 | Depths:2 | Killed a golden dragon
 57742 | Depths:2 | Killed a golden dragon
 57783 | Depths:2 | Noticed a caustic shrike
 57799 | Depths:2 | Killed a caustic shrike
 57893 | Depths:2 | Found a gateway to a ziggurat.
 58145 | Depths:2 | Identified the Compendium of the Helpful Arsonist
 58150 | Depths:2 | Got a steaming chain mail
 58161 | Depths:2 | Identified the +13 chain mail of Ogiomopn {*Slow rPois rC+
                  | SInv} (You found it on level 2 of the Depths)
 58231 | Depths:2 | Got a faintly glowing chain mail
 58243 | Depths:2 | Identified the +7 chain mail of the Eternal Void {rCorr}
                  | (You found it on level 2 of the Depths)
 58863 | Depths:3 | Reached XP level 22. HP: 172/172 MP: 41/41
 59989 | Depths:3 | Reached skill level 16 in Armour
 60094 | Depths:3 | Found a one-way gate leading to the halls of Pandemonium.
 60100 | Depths:3 | Cast into level 4 of the Abyss (a lich)
 60160 | Depths:3 | Escaped the Abyss
 60166 | Depths:3 | Reached skill level 15 in Dodging
 60407 | Depths:3 | Identified the Handbook of Poisonous Shape Shifting (You
                  | acquired it on level 3 of the Depths)
 60463 | Depths:3 | Noticed Boris
 60844 | Shoals:1 | Entered Level 1 of the Shoals
 61908 | Shoals:2 | Found a transporter.
 62177 | Shoals:3 | Found Tenuyf's General Store.
 62224 | Shoals:3 | Reached skill level 15 in Stealth
 62300 | Shoals:3 | Noticed Polyphemus
 62310 | Shoals:3 | Killed Polyphemus
 62589 | Shoals:4 | Entered Level 4 of the Shoals
 62763 | Shoals:4 | Found a runed translucent door.
 62768 | Shoals:4 | Noticed cada's ghost (adept OpFi)
 62797 | Shoals:4 | Killed cada's ghost
 63436 | Shoals:4 | Got a barnacled rune of Zot
 64587 | Vaults:2 | Reached XP level 23. HP: 179/179 MP: 36/42
 64596 | Vaults:2 | Killed rayg00n's ghost
 66044 | Depths:3 | Killed Boris
 66302 | Depths:3 | Paralysed by a great orb of eyes for 4 turns
 66710 | Depths:4 | Identified the +4 scale mail "Lire" {rElec Dex+9}
 66776 | Depths:4 | Found Kozoq's Assorted Antiques.
 66903 | Depths:4 | Found a one-way gate to the infinite horrors of the Abyss.
 66904 | Depths:4 | Found the -2 hat of the Alchemist {rElec rPois rF+ rC+ rN+
                  | MR+ rMut rCorr}
 67193 | D:12     | Bought the +3 trident "Buleij" {pierce, rPois Str+2 SInv}
                  | for 477 gold pieces
 67564 | Depths:4 | Paralysed by a vampire knight for 6 turns
 68277 | Depths:4 | Reached skill level 17 in Armour
 68804 | Depths:5 | Entered Level 5 of the Depths
 68806 | Depths:5 | Noticed a golden dragon
 68828 | Depths:5 | Killed a golden dragon
 68828 | Depths:5 | Reached skill level 15 in Fighting
 68828 | Depths:5 | Reached skill level 15 in Short Blades
 68828 | Depths:5 | Reached skill level 15 in Long Blades
 68828 | Depths:5 | Reached skill level 15 in Axes
 68828 | Depths:5 | Reached skill level 15 in Maces & Flails
 68828 | Depths:5 | Reached skill level 15 in Polearms
 68828 | Depths:5 | Reached skill level 15 in Staves
 68828 | Depths:5 | Reached skill level 15 in Slings
 68828 | Depths:5 | Reached skill level 15 in Bows
 68828 | Depths:5 | Reached skill level 15 in Crossbows
 68828 | Depths:5 | Reached skill level 15 in Throwing
 68828 | Depths:5 | Reached skill level 15 in Shields
 68828 | Depths:5 | Reached skill level 15 in Unarmed Combat
 68828 | Depths:5 | Reached skill level 15 in Evocations
 69425 | Depths:5 | Noticed a caustic shrike
 69435 | Depths:5 | Killed a caustic shrike
 69771 | Depths:5 | Found a runed translucent gate.
 69771 | Depths:5 | Found a runed translucent gate.
 69771 | Depths:5 | Found a runed translucent gate.
 69771 | Depths:5 | Noticed an ancient lich
 69771 | Depths:5 | Noticed P0WERM0DE's ghost (adept DDFi)
 70122 | Depths:5 | Reached XP level 24. HP: 189/189 MP: 43/43
 70336 | Depths:5 | Found a gate to the Realm of Zot.
 70866 | Slime:1  | Entered Level 1 of the Pits of Slime
 70958 | Slime:1  | Gained mutation: You are dopey. (Int -2) [a shining eye]
 71331 | Slime:1  | Gained mutation: You are clumsy. (Dex -2) [a shining eye]
 71536 | Slime:1  | Found a viscous altar of Jiyva.
 73352 | Slime:3  | Gained mutation: You are very dopey. (Int -4) [a shining
                  | eye]
 73432 | Slime:3  | Gained mutation: You are frail. (-10% HP) [a shining eye]
 75005 | Slime:4  | Reached skill level 18 in Armour
 75791 | Slime:5  | Entered Level 5 of the Pits of Slime
 76354 | Slime:5  | Noticed the Royal Jelly
 76627 | Slime:5  | Found a viscous altar of Jiyva.
 76651 | Slime:5  | Found the amulet of the Air {Inacc +Fly rElec EV+5 RMsl}
 77375 | Slime:5  | HP: 11/222 [acid blob[the Royal Jelly] (24)]
 77381 | Slime:5  | HP: 5/171 [acid[the Royal Jelly] (6)]
 77386 | Slime:5  | HP: 7/171 [acid blob/splash of acid[the Royal Jelly] (6)]
 77386 | Slime:5  | HP: 1/171 [acid[the Royal Jelly] (6)]
 77388 | Slime:5  | Mangled by an acid blob

Skill      XL: |  1  2  3  4  5  6  7  8  9 10 11 12 13 14 15 16 17 18 19 20 21 22 23 24 |
---------------+-------------------------------------------------------------------------+-----
Conjurations   | 2 3 4 5 6 7 8 9 10 11 12 13 | 13.7
Summonings     | 2 3 4 5 6 7 8 9 10 11 12 13 | 13.7
Translocations | 2 3 4 5 6 7 8 9 10 11 12 13 | 13.7
Invocations    | 1 2 3 4 5 6 7 8 9 10 11 12 13 14 15 16 | 16.9
Fighting       | 1 2 3 4 5 6 7 8 9 10 11 12 13 14 15 | 15.7
Short Blades   | 1 2 3 4 5 6 7 8 9 10 11 12 13 14 15 | 15.7
Long Blades    | 1 2 3 4 5 6 7 8 9 10 11 12 13 14 15 | 15.7
Axes           | 1 2 3 4 5 6 7 8 9 10 11 12 13 14 15 | 15.7
Maces & Flails | 1 2 3 4 5 6 7 8 9 10 11 12 13 14 15 | 15.7
Polearms       | 1 2 3 4 5 6 7 8 9 10 11 12 13 14 15 | 15.7
Staves         | 1 2 3 4 5 6 7 8 9 10 11 12 13 14 15 | 15.7
Slings         | 1 2 3 4 5 6 7 8 9 10 11 12 13 14 15 | 15.7
Bows           | 1 2 3 4 5 6 7 8 9 10 11 12 13 14 15 | 15.7
Crossbows      | 1 2 3 4 5 6 7 8 9 10 11 12 13 14 15 | 15.7
Throwing       | 1 2 3 4 5 6 7 8 9 10 11 12 13 14 15 | 15.7
Armour         | 1 2 3 4 5 6 7 8 9 10 11 12 13 14 15 16 17 18 | 18.3
Shields        | 1 2 3 4 5 6 7 8 9 10 11 12 13 14 15 | 15.7
Unarmed Combat | 1 2 3 4 5 6 7 8 9 10 11 12 13 14 15 | 15.7
Evocations     | 1 2 3 4 5 6 7 8 9 10 11 12 13 14 15 | 15.7
Hexes          | 1 2 3 4 5 6 7 8 9 10 11 12 13 | 13.5
Charms         | 1 2 3 4 5 6 7 8 9 10 11 12 13 | 13.5
Necromancy     | 1 2 3 4 5 6 7 8 9 10 11 12 13 | 13.5
Transmutations | 1 2 3 4 5 6 7 8 9 10 11 12 13 | 13.5
Fire Magic     | 1 2 3 4 5 6 7 8 9 10 11 12 13 | 13.5
Ice Magic      | 1 2 3 4 5 6 7 8 9 10 11 12 13 | 13.5
Air Magic      | 1 2 3 4 5 6 7 8 9 10 11 12 13 | 13.5
Earth Magic    | 1 2 3 4 5 6 7 8 9 10 11 12 13 | 13.5
Poison Magic   | 1 2 3 4 5 6 7 8 9 10 11 12 13 | 13.5
Dodging        | 5 6 7 8 9 10 11 12 13 14 15 16 | 16.2
Stealth        | 5 6 7 8 9 10 11 12 13 14 15 16 | 16.1
Spellcasting   | 8 9 10 11 12 13 14 15 16 | 16.9

Action                   |  1- 3 |  4- 6 |  7- 9 | 10-12 | 13-15 | 16-18 | 19-21 | 22-24 || total
-------------------------+-------+-------+-------+-------+-------+-------+-------+-------++-------
Melee: Spear             |   109 |    96 |    39 |       |       |       |       |       ||   244
       Bite              |    10 |     8 |    13 |    87 |   253 |   246 |   273 |   378 ||  1268
       Punch             |       |     3 |     1 |    19 |    25 |       |       |       ||    48
       Long sword        |       |       |    95 |   333 |   783 |   875 |   947 |  1150 ||  4183
       Unarmed           |       |       |       |     1 |       |     4 |       |       ||     5
       Short sword       |       |       |       |     8 |       |       |       |       ||     8
       Scimitar          |       |       |       |       |    24 |       |    13 |     3 ||    40
       Trident           |       |       |       |       |       |       |       |     9 ||     9
 Fire: Blowgun           |       |       |       |    43 |    95 |    13 |       |       ||   151
       Hunting sling     |       |       |       |       |       |   229 |   350 |   698 ||  1277
Throw: Javelin           |       |       |     2 |     4 |       |       |       |       ||     6
       Stone             |       |       |       |     1 |       |       |     8 |    17 ||    26
       Tomahawk          |       |       |       |       |    16 |    83 |     5 |       ||   104
 Cast: Magic Dart        |    43 |   152 |   189 |   237 |   327 |   204 |    24 |     2 ||  1178
       Mephitic Cloud    |       |    11 |    33 |    36 |    83 |    38 |    22 |     3 ||   226
       Blink             |       |     1 |     3 |       |    17 |     2 |       |    10 ||    33
       Conjure Flame     |       |       |     1 |     3 |     8 |     3 |     1 |     1 ||    17
       Call Imp          |       |       |     5 |       |       |       |       |       ||     5
       Force Lance       |       |       |       |     9 |    11 |     3 |       |       ||    23
       Lightning Bolt    |       |       |       |       |    74 |    52 |    34 |    28 ||   188
       Spectral Weapon   |       |       |       |       |    20 |    73 |    80 |   108 ||   281
       Deflect Missiles  |       |       |       |       |     2 |     2 |     2 |     6 ||    12
       Slow              |       |       |       |       |    10 |    19 |    12 |     4 ||    45
       Summon Lightning  |       |       |       |       |       |       |    68 |    53 ||   121
       Statue Form       |       |       |       |       |       |       |    23 |    36 ||    59
       Airstrike         |       |       |       |       |       |       |       |    10 ||    10
Invok: Bend Time         |       |       |       |       |     1 |       |       |       ||     1
       Temporal Distorti |       |       |       |       |     3 |     5 |     5 |    23 ||    36
       Step From Time    |       |       |       |       |       |     1 |     1 |     2 ||     4
 Abil: End Transformatio |       |       |       |       |       |       |     2 |     1 ||     3
Evoke: Wand              |       |       |       |       |     2 |       |       |     3 ||     5
       Phantom mirror    |       |       |       |       |       |     1 |       |     2 ||     3
       Sack of spiders   |       |       |       |       |       |       |       |     2 ||     2
       Box of beasts     |       |       |       |       |       |       |       |     1 ||     1
  Use: Scroll            |       |     4 |    12 |     7 |    13 |    18 |    12 |    11 ||    77
       Potion            |       |       |       |       |     5 |       |     7 |    19 ||    31
 Stab: Sleeping          |     7 |     1 |     1 |       |     8 |     5 |    11 |     6 ||    39
       Confused          |       |     2 |    11 |    32 |    69 |    42 |    18 |     3 ||   177
       Distracted        |       |       |       |       |     8 |    17 |    49 |    60 ||   134
  Eat: Chunk             |     2 |    10 |    11 |    12 |    13 |    12 |    26 |     7 ||    93
       Ration            |       |       |     1 |       |     4 |     3 |     2 |    10 ||    20
Armor: Robe              |    17 |     9 |     6 |       |       |       |       |       ||    32
       Ring mail         |       |       |    24 |    23 |       |       |       |       ||    47
       Steam dragon scal |       |       |       |    70 |    96 |     2 |       |       ||   168
       Quicksilver drago |       |       |       |       |       |   116 |       |       ||   116
       Fire dragon scale |       |       |       |       |       |   105 |   156 |   227 ||   488
       Acid dragon scale |       |       |       |       |       |     1 |       |       ||     1
       Skin              |       |       |       |       |       |       |    58 |   208 ||   266
Dodge: Dodged            |    68 |    56 |   129 |   329 |   625 |   701 |   678 |  1269 ||  3855
       Deflected         |       |       |       |       |    11 |    51 |    47 |    65 ||   174
Block: Buckler           |       |       |       |       |   218 |   395 |   482 |   687 ||  1782
       Reflection        |       |       |       |       |       |       |       |    39 ||    39
       Rpst.: Long sword |       |       |    24 |    78 |   152 |   141 |   132 |   194 ||   721
       Scimitar          |       |       |       |       |       |       |     1 |       ||     1
